 Dungeon Crawl Stone Soup version 0.27-a0-1105-g946c659c87 (webtiles) character file.

Game seed: 4619426767859936532

125 littlecub the Skirmisher (level 5, -7/47 HPs)
             Began as a Ghoul Fighter on Apr 30, 2021.
             Mangled by Duvessa
             ... wielding a +6 short sword of protection
              (18 damage)
             ... on level 3 of the Dungeon.
             The game lasted 00:04:06 (2654 turns).

littlecub the Skirmisher (Ghoul Fighter)            Turns: 2654, Time: 00:04:07

Health: -7/47      AC:  8    Str: 21    XL:     5   Next: 9%
Magic:  4/4        EV:  7    Int:  3    God:
Gold:   75         SH:  9    Dex:  8    Spells: 4/4 levels left

rFire    . . .     SeeInvis .     - Unarmed
rCold    + . .     Faith    .   b - +0 kite shield
rNeg     + + +     Spirit   .   a - +0 scale mail
rPois    ∞         Reflect  .   f - +0 helmet
rElec    .         Harm     .   (no cloak)
rCorr    .         Rampage  .   (no gloves)
Will     .....                  (no boots)
Stlth    ..........             (no amulet)
HPRegen  0.00/turn              (no ring)
MPRegen  0.09/turn              (no ring)

@: mighty
A: claws 1, cold resistance 1, negative energy resistance 3, inhibited
regeneration, torment resistance 2, unbreathing 1
a: no special abilities


You were on level 3 of the Dungeon.
You visited 1 branch of the dungeon, and saw 4 of its levels.

You collected 75 gold pieces.

Inventory:

Armour
 a - a +0 scale mail (worn)
 b - a +0 kite shield (worn)
 f - a +0 helmet (worn)
Jewellery
 j - an amulet of guardian spirit
Scrolls
 d - 4 scrolls of identify {unknown}
 h - 2 scrolls of amnesia {unknown}
 i - a scroll of magic mapping {unknown}
 k - a scroll of teleportation {unknown}
 l - a scroll of fear {unknown}
Potions
 e - a potion of lignification {unknown}
 g - a potion of haste {unknown}


   Skills:
 * Level 4.4 Fighting
 + Level 3.2 Armour
 + Level 3.1 Shields
 * Level 3.7 Unarmed Combat


You had 4 spell levels left.
You didn't know any spells.
Your spell library contained the following spells:

 Spells                   Type           Power      Damage    Failure   Level
 Confusing Touch          Hex            0%         N/A       100%        3
 Gell's Gravitas          Tloc           0%         N/A       100%        3
 Petrify                  Tmut/Erth      0%         N/A       100%        4
 Metabolic Englaciation   Hex/Ice        0%         N/A       100%        5
 Yara's Violent Unravell  Hex/Tmut       0%         3d3       100%        5


Dungeon Overview and Level Annotations

Branches:
Dungeon (4/15)
 Temple: D:4-7

Altars:
Qazlal

Annotations:
D:3 Duvessa


Innate Abilities, Weirdness & Mutations

You thrive by killing the living.
You are immune to poison.
You have sharp fingernails.
Your flesh is cold resistant. (rC+)
You are immune to negative energy. (rN+++)
You do not regenerate when monsters are visible.
You are immune to unholy pain and torment.
You can survive without breathing.


Message History

Dowan gestures at you while chanting. The puff of flame hits you!
You claw Dowan!
Dowan is severely wounded.
Dowan hits you with a +0 dagger of draining.
You closely miss Dowan.
Dowan is severely wounded.
Dowan points at you and mumbles some strange words.
You resist with some effort.
You closely miss Dowan.
Dowan is severely wounded.
Dowan casts a spell at you. The puff of frost hits you. You resist.
You claw Dowan!
You kill Dowan!
Duvessa weeps, then rights herself and shakes her weapon.
Duvessa goes berserk!
Duvessa closely misses you.
You have reached level 5!
You feel stronger.
You claw Duvessa!
Duvessa is moderately wounded.
You block Duvessa's attack. x2
You scratch Duvessa.
Duvessa is moderately wounded.
Duvessa hits you with a +6 short sword of protection.
You completely miss Duvessa.
Duvessa is moderately wounded.
You block Duvessa's attack.
Duvessa hits you with a +6 short sword of protection.
* * * LOW HITPOINT WARNING * * *
You claw Duvessa!
Duvessa is heavily wounded.
You block Duvessa's attack. x2
You scratch Duvessa but do no damage.
Duvessa is heavily wounded.
You block Duvessa's attack. Duvessa closely misses you.
You closely miss Duvessa.
Duvessa is heavily wounded.
Duvessa hits you with a +6 short sword of protection!!
You die...

..#.......# #.....#..≈≈≈≈≈..#
........#.# #.#>....P≈♣≈≈≈≈.#
......#...####.#.#.##.♣.≈≈♣≈.#
#...#............#.##..≈♣≈≈♣P##
..#........#######.##P...♣≈≈..#
..#........# #.###♣..≈≈P..#
#...#......# ###.# #.P....#.#
).....#...## #...###....P...#
........#.# #@#.##..#♣....##
..........# #e####.#####.#####
>......#### #.......# #.......
.......# #######.# #.######
.).....# #.# #.#..... †<†....#
#.# ###.#### .......# #.#
#...## .......# #.#######.##
######## #.......#.##


You could see Duvessa (berserk).

Vanquished Creatures
  Dowan (D:3)
  An adder (D:3)
  3 dart slugs
  5 orcs (D:3)
  3 ball pythons
  5 endoplasms
  A giant cockroach (D:3)
  7 goblins
  3 hobgoblins
  2 jackals (D:3)
  7 kobolds
  4 quokkas
  5 bats
  A frilled lizard (D:1)
  A rat (D:1)
49 creatures vanquished.

Notes
Turn   | Place    | Note
-------+----------+-------------------------------------------
     0 | D:1      | littlecub the Ghoul Fighter began the quest for the Orb.
     0 | D:1      | Reached XP level 1. HP: 19/19 MP: 0/0
   280 | D:1      | Reached XP level 2. HP: 12/26 MP: 1/1
  1061 | D:2      | Reached XP level 3. HP: 30/33 MP: 2/2
  1813 | D:3      | Reached skill level 4 in Fighting
  1862 | D:3      | Found a faded altar of an unknown god.
  1923 | D:3      | Found a stormy altar of Qazlal.
  2152 | D:3      | Reached XP level 4. HP: 24/40 MP: 3/3
  2639 | D:4      | Noticed Duvessa
  2639 | D:4      | Noticed Dowan
  2648 | D:3      | Killed Dowan
  2649 | D:3      | Reached XP level 5. HP: 17/47 MP: 4/4
  2654 | D:3      | Mangled by Duvessa

Illustrated notes

Levels and vault maps discovered:
D:1:      ncdulo_halloftheorcs, layout_basic
D:2:      layout_loops_ring
D:3:      layout_basic, nicolae_qazlal_general_emergency,
          hellmonk_ecumenical_altar_heavens_door, serial_bayou_pond_a,
          st_stairs_9, minmay_misc_feat_more_columns
D:4:      layout_rooms, kennysheep_mini, grunt_decor_fettered, st_stairs_2,
          dk_noncrumbling_4, uniq_pikel, uniq_natasha, uniq_duvessa

Skill      XL: |  1  2  3 |
---------------+----------+-----
Unarmed Combat | 3 |  3.7
Armour         | 3 |  3.2
Fighting       | 4 |  4.4
Shields        | 3 |  3.1

Action                   |  1- 3 |  4- 6 || total
-------------------------+-------+-------++-------
Melee: Unarmed           |   141 |    30 ||   171
  Use: Potion            |       |     1 ||     1
Armor: Scale mail        |    69 |     5 ||    74
Dodge: Dodged            |    45 |     8 ||    53
Block: Kite shield       |    71 |    13 ||    84

Table legend: (Time is in decaauts)
 A = Elapsed time spent in this place.
 B = Non-inter-level travel time spent in this place.
 C = Inter-level travel time spent in this place.
 D = Time resting spent in this place.
 E = Time spent auto-exploring this place.
 F = Levels seen in this place.
 G = Mean time per level.
                   A        B        C        D        E       F      G
               +--------+--------+--------+--------+--------+-----+--------+
         Total |   2689 |   2559 |    130 |      0 |   2206 |   4 |  672.2 |
       Dungeon |   2689 |   2559 |    130 |      0 |   2206 |   4 |  672.2 |
               +--------+--------+--------+--------+--------+-----+--------+

Top non-repeatable levels by time:
     D:3: 1097 daAuts
     D:1: 940 daAuts
     D:2: 647 daAuts
     D:4: 3 daAuts
